 Dungeon Crawl Stone Soup version 0.30-a0-920-g7493c07aab (webtiles) character file.

Game seed: 12284592127476234662

10 Twinkles the Chopper (level 2, -1/25 HPs)
             Began as a Hill Orc Reaver on Mar 21, 2023.
             Slain by a kobold
             ... wielding a +3 whip of electrocution
              (3 damage)
             ... on level 1 of the Dungeon.
             The game lasted 00:00:46 (456 turns).

Twinkles the Chopper (Hill Orc Reaver)               Turns: 456, Time: 00:00:47

Health: -1/25      AC:  3    Str: 14    XL:     2   Next: 20%
Magic:  4/4        EV: 11    Int: 13    God:
Gold:   0          SH:  0    Dex:  9    Spells: 3/4 levels left

rFire   . . .      SeeInvis .    a - +0 hand axe
rCold   . . .      Faith    .    (no shield)
rNeg    . . .      Spirit   .    b - +0 leather armour
rPois   .          Reflect  .    (no helmet)
rElec   .          Rampage  .    (no cloak)
rCorr   .                        (no gloves)
Will    .....                    (no boots)
Stlth   +                        (no amulet)
HPRegen 0.24/turn                (no ring)
MPRegen 0.09/turn                (no ring)

@: no status effects
A: no striking features
a: no special abilities


You were on level 1 of the Dungeon.
You visited 1 branch of the dungeon, and saw 1 of its levels.

Inventory:

Hand Weapons
 a - a +0 hand axe (weapon)
Armour
 b - a +0 leather armour (worn)
Scrolls
 c - a scroll of blinking {unknown}
 e - a scroll of magic mapping {unknown}
Potions
 d - 2 potions of magic {unknown}
 f - a potion of brilliance {unknown}
 g - a potion of flight {unknown}


   Skills:
 + Level 2.6 Fighting
 + Level 4.2 Axes
 + Level 1.7 Dodging
 + Level 1.7 Spellcasting
 + Level 3.1 Conjurations


You had 3 spell levels left.
You knew the following spells:

 Your Spells              Type           Power      Damage    Failure   Level
a - Kiss of Death         Conj/Necr      20%        2d7       19%         1

Your spell library contained the following spells:

 Spells                   Type           Power      Damage    Failure   Level
 Momentum Strike          Conj/Tloc      10%        3d8       26%         2
 Hailstorm                Conj/Ice       5%         3d4       47%         3


Dungeon Overview and Level Annotations

Branches:
Dungeon (1/15) Zot: 5539

Altars:


Message History

The ball python is moderately wounded.
The ball python closely misses you. The ball python barely misses you.
You barely miss the ball python.
The ball python is moderately wounded.
The ball python barely misses you. The ball python grabs you.
The ball python constricts you. The ball python closely misses you.
The ball python constricts you.
You hit the ball python but do no damage.
The ball python is moderately wounded.
The ball python closely misses you. The ball python constricts you.
You slash the ball python!
You kill the ball python!
You hit the goblin but do no damage. The goblin hits you with a +0 club.
You hit the goblin.
You kill the goblin!
No target in view!
No target in view!
Things that are here:
a +0 club; a goblin corpse
Found a cloak.
A kobold comes into view.
It is wielding a +3 whip of electrocution.
The kobold shouts!
The kobold barely misses you.
You closely miss the kobold.
The kobold hits you with a +3 whip of electrocution.
You are electrocuted!
Ouch! That really hurt!
* * * LOW HITPOINT WARNING * * *
You are too injured to fight recklessly!
You are too injured to fight recklessly!
You are too injured to fight recklessly!
You closely miss the kobold. The kobold closely misses you.
You barely miss the kobold. The kobold hits you but does no damage.
You closely miss the kobold.
The kobold hits you with a +3 whip of electrocution.
* * * LOW HITPOINT WARNING * * *
The kobold barely misses you.
You closely miss the kobold.
The kobold hits you with a +3 whip of electrocution.
You die...

## #.#...##... #. ....#
#)#...##.##
#.###..####.#...##... #
#...............##... #.
#..#............##.##
#..#..#.#.####.#.#.##.#
...............#.#.##.#
##...[.........#.#.##.#.
......K@.......#.#.# .
##........###..#.# .
#.#..#.### #.....
........ .......
#.#..#.# ####... #
#..#.# .## #. #.# # #.
#.#


You could see a kobold.

Vanquished Creatures
  An endoplasm (D:1)
  A goblin (D:1)
  3 hobgoblins (D:1)
  2 jackals (D:1)
  A ball python (D:1)
8 creatures vanquished.

Notes
Turn   | Place    | Note
-------+----------+-------------------------------------------
     0 | D:1      | Twinkles the Hill Orc Reaver began the quest for the Orb.
     0 | D:1      | Reached XP level 1. HP: 18/18 MP: 3/3
   308 | D:1      | HP: 4/18 [jackal (2)]
   312 | D:1      | Reached XP level 2. HP: 7/25 MP: 4/4
   452 | D:1      | HP: 3/25 [kobold/+3 whip of electrocution (16)]
   456 | D:1      | Slain by a kobold

Illustrated notes

Levels and vault maps discovered:
D:1:      dpeg_arrival_shelter, layout_basic, minmay_misc_feat_hallway

Action                     || total
---------------------------++-------
  Melee: Hand axe          ||    31
         Punch             ||     1
 Armour: Leather armour    ||     9
  Dodge: Dodged            ||    30

Table legend: (Time is in decaauts)
 A = Elapsed time spent in this place.
 B = Non-inter-level travel time spent in this place.
 C = Inter-level travel time spent in this place.
 D = Time resting spent in this place.
 E = Time spent auto-exploring this place.
 F = Levels seen in this place.
 G = Mean time per level.
                   A        B        C        D        E       F      G
               +--------+--------+--------+--------+--------+-----+--------+
         Total |    459 |    459 |      0 |      0 |    389 |   1 |  459.0 |
       Dungeon |    459 |    459 |      0 |      0 |    389 |   1 |  459.0 |
               +--------+--------+--------+--------+--------+-----+--------+

Top non-repeatable levels by time:
     D:1: 459 daAuts
